Map: Efflorescence LE

Players

BigDaddy

  • Race: Protoss Protoss
  • League: Silver
  • Spawn Location: 6:00

WiseMike

  • Race: Zerg Zerg
  • League: Gold
  • Spawn Location: 9:00

Cthulhu - Winner!

  • Race: Zerg Zerg
  • Spawn Location: 12:00

Throwfordays - Winner!

  • Race: Protoss Protoss
  • Spawn Location: 3:00

VOD

Have the link to the VOD?

Description

Time

  • Played on: May 30, 2019, 11:37 p.m.
  • Length: 14:50
Show
View Real Time Build Order
Export as new Build Order

BigDaddy Protoss 

Build Orders:  

Get SALT Encoding   

  12  0:01  Probe  
  13  0:15  Pylon  
  13  0:25  Probe  
  14  0:33  Gateway  
  14  0:39  Assimilator  
  14  0:40  Probe  
  15  0:48  Probe  
  15  0:56  Probe  
  17  1:04  Probe  
  18  1:13  Probe  
  19  1:21  Cybernetics Core  
  19  1:22  Probe  
  20  1:45  Zealot  
  22  1:50  Probe  
  23  1:57  Gateway  
  23  2:05  Pylon  
  23  2:10  Twilight Council  
  23  2:13  Pylon  
  23  2:23  Zealot  
  25  2:31  Gateway  
  25  2:36  Charge  
  25  2:45  Zealot  
  25  2:49  Forge  
  27  2:52  Zealot  
  29  3:02  Probe  
  30  3:14  Probe  
  30  3:15  Zealot  
  33  3:23  Zealot  
  33  3:24  Zealot  
  37  3:43  Zealot  
  38  3:55  Pylon  
  38  4:01  Pylon  
  38  4:04  Pylon  
  38  4:11  Blink  
  38  4:13  Zealot x2  
  42  4:32  Photon Cannon  
  42  4:33  Photon Cannon  
  42  4:41  Zealot x2  
  46  4:53  Zealot  
  46  5:08  Zealot x2  
  50  5:21  Zealot  
  48  5:35  Zealot x2  
  44  5:51  Pylon  
  44  5:54  Zealot  
  38  6:02  Zealot  
  37  6:08  Zealot  
  39  6:21  Zealot  
  41  6:29  Zealot  
  43  6:35  Stalker  
  45  6:54  Nexus  
  45  6:57  Pylon  
  45  7:02  Protoss Ground Weapons Level 1, Pylon  
  45  7:03  Zealot  
  47  7:22  Pylon  
  45  7:30  Stalker  
  43  7:47  Stalker x2  
  33  8:11  Robotics Facility  
  33  8:12  Protoss Air Weapons Level 1  
  27  8:13  Probe  
  28  8:21  Probe  
  29  8:43  Zealot  
  29  8:44  Zealot x2  
  23  9:10  Zealot, Stalker  
  23  9:11  Stalker  
  21  9:27  Probe  
  22  9:37  Stalker  
  24  9:39  Observer, Probe  
  24  9:40  Stalker  
  28  9:56  Zealot  
  28  10:05  Probe  
  29  10:08  Zealot  
  29  10:11  Zealot  
  33  10:17  Probe  
  34  10:28  Zealot  
  34  10:35  Zealot  
  38  10:37  Probe  
  38  10:38  Zealot  
  41  10:45  Probe  
  41  10:48  Assimilator  
  42  10:54  Probe  
  43  11:07  Probe  
  43  11:08  Immortal  
  48  11:19  Probe  
  49  11:26  Protoss Ground Weapons Level 2  
  49  11:33  Robotics Bay  
  49  11:43  Zealot x2  
  53  11:58  Immortal  
  57  12:17  Zealot x3  
  57  12:20  Probe  
  63  12:28  Probe  
  64  12:36  Probe  
  65  12:38  Assimilator  
  65  12:44  Zealot  
  65  12:45  Probe  
  68  12:53  Probe  
  69  13:00  Zealot x2  
  69  13:01  Extended Thermal Lance, Probe  
  74  13:12  Probe  
  75  13:20  Probe  
  76  13:29  Probe  
  77  13:38  Probe  
  78  13:51  Probe  
  85  14:00  Pylon  
  78  14:22  Photon Cannon  
  60  14:26  Photon Cannon  
Show
View Real Time Build Order
Export as new Build Order

WiseMike Zerg 

Build Orders: Hatch First 

Get SALT Encoding   

  12  0:01  Drone  
  13  0:09  Drone  
  14  0:17  Overlord  
  14  0:36  Drone x3  
  18  0:50  Drone  
  18  0:59  Hatchery  
  17  1:13  Spawning Pool  
  17  1:15  Extractor  
  17  1:17  Drone  
  16  1:20  Drone  
  17  1:42  Overlord  
  17  1:44  Drone  
  18  2:03  Queen  
  20  2:12  Queen  
  22  2:17  Zergling x2  
  22  2:21  Metabolic Boost  
  23  2:27  Zergling x8  
  27  2:47  Spine Crawler  
  26  2:55  Drone  
  26  2:56  Drone x2  
  29  3:20  Zergling x12  
  33  3:51  Zergling x4  
  35  3:55  Hatchery  
  35  3:56  Overlord  
  34  4:20  Zergling x8  
  34  4:21  Zergling x4  
  40  4:29  Baneling Nest  
  39  4:42  Zergling x8  
  37  5:04  Zergling x6  
  37  5:05  Zergling x6  
  41  5:19  Zergling x4  
  39  5:49  Zergling x8  
  42  5:50  Zergling x4  
  41  6:07  Zergling x4  
  41  6:15  Zergling x2  
  41  6:16  Zergling x2  
  40  6:19  Lair  
  40  6:23  Burrow  
  40  6:33  Zergling x6  
  43  6:55  Drone x5  
  43  6:56  Drone x2  
  43  6:57  Overlord  
  50  7:18  Centrifical Hooks  
  50  7:30  Zergling x12  
  50  7:31  Zergling x4  
  51  8:02  Zergling x12  
  51  8:03  Zergling x6  
  49  8:14  Drone x2  
  51  8:20  Zergling x4  
  51  8:21  Zergling x4  
  46  8:50  Zergling x2  
  46  8:51  Zergling x14  
  46  8:52  Zergling x4  
  53  8:59  Zergling x10  
  49  9:25  Zergling x12  
  49  9:26  Zergling x2  
  55  9:37  Zergling x6  
  42  9:53  Zergling x10  
  47  10:00  Drone  
  47  10:01  Queen  
  49  10:17  Overseer  
  49  10:18  Overseer x2  
  41  10:35  Drone x6  
  28  10:44  Zergling x8  
  28  10:45  Zergling x6  
  35  10:55  Drone x2  
  37  11:14  Drone  
  37  11:15  Drone x5  
  43  11:20  Spire  
  41  11:28  Drone x6  
  40  11:42  Spine Crawler  
  40  11:44  Spine Crawler  
  40  11:47  Spine Crawler  
  37  11:52  Zergling x8  
  35  12:21  Overlord  
  35  12:22  Overlord x4  
  34  12:37  Queen  
  36  12:52  Drone x6  
  36  12:57  Mutalisk x2  
  36  12:58  Mutalisk x4  
  48  13:09  Hatchery  
  47  13:15  Mutalisk x2  
  50  13:40  Mutalisk x2  
  50  13:41  Mutalisk  
  56  13:55  Zergling x10  
Show
View Real Time Build Order
Export as new Build Order

Cthulhu Zerg - Winner!

Build Orders: Pool First, Lurkers 

Get SALT Encoding   

  12  0:03  Drone  
  13  0:10  Drone  
  14  0:19  Overlord  
  14  0:22  Extractor  
  14  0:25  Drone  
  15  0:37  Drone x2  
  17  0:49  Drone  
  18  0:57  Spawning Pool  
  18  0:59  Drone  
  18  1:01  Extractor  
  17  1:12  Drone  
  18  1:38  Drone  
  19  1:41  Hatchery  
  19  1:43  Drone x2  
  20  1:52  Zergling x2  
  21  2:03  Metabolic Boost  
  21  2:07  Extractor, Drone  
  21  2:21  Spine Crawler  
  20  2:24  Zergling x4  
  22  2:35  Spine Crawler  
  22  2:53  Drone x2  
  22  2:55  Drone x2  
  26  3:01  Lair  
  26  3:04  Queen  
  28  3:11  Overlord  
  27  3:48  Zergling x2, Drone  
  26  3:49  Drone x4  
  31  3:59  Queen, Hydralisk Den  
  32  4:05  Overlord  
  32  4:06  Overlord  
  32  4:13  Extractor  
  32  4:14  Drone  
  32  4:15  Drone  
  33  4:32  Hydralisk x5  
  43  4:42  Spine Crawler  
  43  4:43  Spine Crawler  
  43  4:45  Spine Crawler  
  40  4:53  Hydralisk x3  
  39  5:19  Hydralisk x4  
  36  5:44  Hydralisk  
  36  5:45  Hydralisk x2  
  36  5:46  Zergling x4  
  36  5:49  Drone  
  41  6:17  Drone  
  41  6:18  Drone x4  
  46  6:25  Drone  
  46  6:26  Drone x4  
  51  6:40  Grooved Spines  
  51  6:42  Overlord  
  51  6:48  Lurker Den  
  50  7:03  Extractor  
  49  7:13  Zergling x16  
  57  7:51  Muscular Augments  
  43  8:09  Zergling x2  
  43  8:10  Zergling x10  
  45  8:22  Lurker x2  
  45  8:23  Lurker  
  45  8:50  Zergling x12  
  45  8:51  Queen x2  
  48  9:27  Queen  
  45  9:51  Hydralisk x6  
  48  10:51  Hydralisk  
  48  10:52  Hydralisk x5  
  60  11:13  Hatchery  
  59  11:22  Drone  
  59  11:24  Overlord x3  
  56  12:26  Lurker  
  57  12:32  Drone  
  57  12:33  Drone x9, Overlord  
  57  12:34  Overlord x3  
  66  12:45  Lurker x2  
  66  12:47  Hydralisk  
  66  12:48  Hydralisk x2  
  74  12:59  Drone x2  
  74  13:00  Drone  
  77  13:08  Hydralisk  
  77  13:11  Overseer  
  79  13:32  Hydralisk x4  
  87  13:36  Drone x2  
  87  13:37  Drone  
  90  13:50  Queen  
  92  13:57  Evolution Chamber  
  90  14:06  Queen  
Show
View Real Time Build Order
Export as new Build Order

Throwfordays Protoss - Winner!

Build Orders: 1 Gate Expand 

Get SALT Encoding   

  12  0:00  Probe  
  13  0:13  Probe  
  14  0:21  Pylon  
  14  0:27  Probe  
  15  0:41  Gateway  
  15  0:43  Probe  
  15  0:45  Assimilator  
  16  0:52  Probe  
  17  1:00  Probe  
  17  1:09  Probe  
  19  1:22  Probe  
  20  1:34  Nexus  
  20  1:41  Cybernetics Core  
  20  1:48  Pylon  
  20  2:00  Gateway  
  20  2:09  Assimilator  
  20  2:18  Robotics Facility  
  20  2:19  Warp Gate  
  20  2:22  Forge  
  20  2:25  Probe  
  21  2:37  Probe  
  22  2:42  Pylon  
  22  2:43  Probe  
  22  2:49  Probe  
  24  2:51  Probe  
  25  3:01  Adept x2  
  25  3:04  Probe  
  29  3:08  Probe  
  31  3:20  Photon Cannon  
  31  3:21  Probe  
  32  3:29  Photon Cannon  
  32  3:31  Probe  
  33  3:36  Probe  
  34  3:42  Probe  
  34  3:44  Probe  
  36  3:50  Probe  
  37  3:57  Immortal  
  37  4:01  Pylon  
  41  4:05  Pylon  
  41  4:11  Pylon  
  41  4:13  Probe  
  41  4:15  Probe  
  43  4:20  Assimilator  
  43  4:25  Probe  
  43  4:27  Probe  
  45  4:32  Adept x2  
  49  4:53  Adept  
  49  4:54  Adept  
  47  5:07  Immortal  
  51  5:16  Adept x2  
  53  5:27  Gateway  
  53  5:30  Gateway  
  53  5:32  Gateway  
  45  5:37  Adept x2  
  45  5:42  Protoss Ground Weapons Level 1  
  49  5:55  Immortal  
  51  6:00  Adept x2  
  48  6:33  Probe  
  48  6:36  Probe  
  48  6:39  Assimilator  
  50  6:43  Immortal  
  50  6:45  Probe  
  50  6:46  Adept x5  
  65  6:48  Probe  
  66  7:00  Probe x2  
  68  7:12  Probe  
  68  7:15  Probe  
  70  7:22  Warp Prism  
  72  7:24  Probe  
  72  7:28  Adept x2  
  75  7:58  Adept  
  77  8:19  Nexus  
  77  8:22  Pylon  
  77  8:23  Pylon  
  77  8:24  Pylon  
  77  8:26  Pylon  
  77  8:28  Pylon  
  77  8:40  Immortal  
  73  9:00  Adept x2  
  73  9:01  Adept x3  
  73  9:02  Probe  
  77  9:09  Probe  
  71  9:10  Probe  
  71  9:15  Photon Cannon  
  70  9:18  Photon Cannon  
  70  9:20  Probe, Immortal  
  70  9:21  Probe  
  68  9:32  Probe  
  68  9:33  Probe  
  70  9:44  Probe  
  68  9:45  Probe  
  68  9:56  Probe  
  68  9:57  Probe  
  68  9:59  Probe  
  65  10:08  Probe  
  65  10:11  Probe  
  67  10:17  Adept  
  67  10:18  Adept x4  
  67  10:20  Probe  
  78  10:23  Protoss Ground Armor Level 1, Probe, Immortal  
  83  10:35  Probe  
  83  10:40  Robotics Bay  
  83  10:42  Robotics Facility  
  84  10:44  Robotics Facility  
  84  10:47  Gateway  
  84  10:48  Gateway, Probe  
  84  10:49  Adept x4  
  93  10:50  Adept  
  95  10:57  Twilight Council  
  95  11:00  Probe  
  95  11:02  Immortal  
  100  11:12  Probe  
  101  11:20  Assimilator  
  101  11:24  Assimilator  
  101  11:27  Probe  
  101  11:29  Probe  
  103  11:35  Nexus  
  103  11:39  Probe  
  105  11:41  Probe  
  105  11:51  Probe  
  105  11:53  Probe  
  107  12:03  Probe  
  107  12:07  Extended Thermal Lance  
  108  12:09  Resonating Glaives  
  108  12:10  Colossus x2  
  108  12:14  Colossus  
  126  12:44  Adept x2  
  126  12:45  Adept x2  
  132  12:56  Pylon, Probe  
  132  12:57  Pylon  
  133  12:59  Pylon, Probe  
  133  13:01  Pylon  
  133  13:02  Pylon, Probe  
  133  13:04  Pylon  
  135  13:05  Pylon  
  135  13:07  Pylon  
  135  13:08  Assimilator, Probe  
  135  13:11  Probe  
  137  13:13  Assimilator, Probe  
  137  13:18  Colossus  
  137  13:19  Immortal  
  148  13:20  Probe  
  148  13:23  Probe  
  148  13:25  Probe  
  151  13:27  Stalker  
  151  13:28  Stalker x5  
  151  13:33  Probe  
  164  13:35  Probe  
  164  13:37  Probe  
  166  13:45  Probe  
  166  13:47  Probe  
  164  14:20  Stalker x6  
  164  14:21  Stalker  
Tags
 
Add a new tag
Caveats
  • Supply blocks, unpowered buildings, or Contaminate may cause inaccurate times.
  • Supply counts are checked every 10 seconds.